[Event "Vaujany Principal"]
[Site "Vaujany"]
[Date "2012.07.13"]
[Round "2.9"]
[White "Kukov, Velislav"]
[Black "Kormos, Adam"]
[Result "1/2-1/2"]
[ECO "D94"]
[WhiteElo "2404"]
[BlackElo "2193"]
[Annotator "Jean-pierre,LEES"]
[PlyCount "90"]
[SourceDate "2012.07.12"]
[TimeControl "240+2"]

{1024MB, Fritz8.ctg
} 1. d4 Nf6 2. Nf3 g6 3. c4 Bg7 4. Nc3 d5 5. e3 O-O 6. cxd5
Nxd5 7. Bc4 Nb6 8. Bb3 N8d7 9. O-O c5 10. d5 c4 11. Bc2 Nc5 12. e4 Bg4 13. h3
Bxf3 14. Qxf3 Nbd7 15. Qe2 Ne5 16. Be3 Qa5 17. Rab1 Rfc8 18. Kh1 b5 19. Bxc5
Rxc5 20. f4 Nd7 21. e5 Nb6 22. d6 exd6 23. Ne4 Rd5 24. Nxd6 Qd2 25. Qe4 Rd4 26.
Rbd1 Qxd1 27. Rxd1 Rxe4 28. Bxe4 Rd8 29. Rc1 f6 30. Nxb5 fxe5 31. fxe5 Bxe5 32.
Nc3 Rd2 33. b3 cxb3 34. axb3 Rb2 35. Nd5 Rxb3 36. Nxb6 Rxb6 37. Kg1 a5 38. Kf2
a4 39. Rc8+ Kg7 40. Ra8 Rb2+ 41. Kf3 Rb3+ 42. Ke2 a3 43. Bd5 Rb5 44. Ra7+ Kf6
45. Bg8 Rb2+ 1/2-1/2

[Event "Vaujany Principal"]
[Site "Vaujany"]
[Date "2012.07.13"]
[Round "2.10"]
[White "Moal, Alain"]
[Black "Philippe, Christophe"]
[Result "1/2-1/2"]
[ECO "D02"]
[WhiteElo "2175"]
[BlackElo "2403"]
[Annotator "Jean-pierre,LEES"]
[PlyCount "105"]
[SourceDate "2012.07.12"]
[TimeControl "240+2"]

{1024MB, Fritz8.ctg
} 1. d4 d5 2. Nf3 Nc6 3. g3 Bf5 4. Bg2 Nb4 5. Na3 e6 6. c3
Na6 (6... Nc6 7. Qb3 Rb8 8. Nh4 Bg4 9. e4 dxe4 10. Bxe4 Nf6 11. Bg5 Be7 12.
Bxf6 Bxf6) 7. Qb3 Qc8 8. O-O Be7 9. Bf4 c6 10. Rac1 Nf6 11. c4 O-O 12. Ne5 Rd8
13. Rfd1 h6 14. h3 g5 15. Be3 Nb4 16. Nb1 Be4 17. Nc3 Bxg2 18. Kxg2 Nd7 19. Nf3
dxc4 20. Qxc4 Nb6 21. Qb3 a5 22. a4 f6 23. Ne4 N6d5 24. Bd2 Qd7 25. Bc3 Qe8 26.
Ned2 f5 27. Ne5 Qh5 28. e4 fxe4 29. Nxe4 Rf8 30. Rd2 Rf5 31. Qd1 Qxd1 32. Rdxd1
Rd8 33. Nc4 Rdf8 34. Nxa5 Nxc3 35. bxc3 Rxa5 36. cxb4 Rxa4 37. b5 cxb5 38. Rc7
Bf6 39. Nxf6+ Rxf6 40. Rd2 Rf7 41. Rc5 Rb4 42. d5 exd5 43. Rcxd5 Rb3 44. R5d4
Kg7 45. h4 Rbf3 46. hxg5 hxg5 47. Rd5 R3f5 48. g4 Rxd5 49. Rxd5 Kf6 50. Rxb5
Rg7 51. Kg3 Ke6 52. f4 gxf4+ 53. Kxf4 1/2-1/2

[Event "Vaujany Principal"]
[Site "Vaujany"]
[Date "2012.07.13"]
[Round "2.16"]
[White "Weisz, Jacques"]
[Black "Kantans, Toms"]
[Result "0-1"]
[ECO "D93"]
[WhiteElo "1809"]
[BlackElo "2354"]
[Annotator "Jean-pierre,LEES"]
[PlyCount "70"]
[SourceDate "2012.07.12"]
[TimeControl "240+2"]

{1024MB, Fritz8.ctg
} 1. d4 Nf6 2. c4 g6 3. Nc3 d5 4. Bf4 Bg7 5. e3 O-O 6. Nf3
c5 7. dxc5 Ne4 8. Rc1 Nxc3 9. bxc3 Qa5 (9... dxc4 10. Qxd8 Rxd8 11. Bxc4) 10.
Qb3 (10. cxd5 Bxc3+ 11. Nd2 Bf5 12. e4 Bxe4 13. Qb3) 10... dxc4 11. Bxc4 Nc6
12. Ng5 Nd8 13. Qb4 Nc6 14. Qxa5 Nxa5 15. Be2 h6 16. Bc7 Nc6 17. Nf3 Be6 18.
Nd4 Bxa2 19. Nxc6 bxc6 20. Ba6 Be6 21. O-O Bc8 22. Be2 a5 23. Bf3 Be6 24. Bb6
Rfc8 25. e4 a4 26. Be2 a3 27. f4 a2 28. e5 f6 29. Bd3 fxe5 30. Rfe1 Bd5 31. c4
e4 32. Bc2 a1=Q 33. Rxa1 Rxa1 34. Rxa1 Bxa1 35. cxd5 Bd4+ 0-1

[Event "Vaujany Principal"]
[Site "Vaujany"]
[Date "2012.07.13"]
[Round "2.18"]
[White "Ruecker, Benjamin"]
[Black "Frick, Christoph"]
[Result "0-1"]
[ECO "D11"]
[WhiteElo "2260"]
[BlackElo "2258"]
[Annotator "Jean-pierre,LEES"]
[PlyCount "120"]
[SourceDate "2012.07.12"]
[TimeControl "240+2"]

{1024MB, Fritz8.ctg
} 1. d4 d5 2. c4 c6 3. Nf3 Nf6 4. Qb3 dxc4 5. Qxc4 Bg4 6.
Nc3 Nbd7 7. e4 Bxf3 8. gxf3 e5 9. dxe5 (9. Be3 $142) 9... Nxe5 10. Qe2 Bb4 11.
Bd2 Qa5 12. f4 Ng6 13. f5 Ne5 14. f4 Ned7 15. O-O-O Bxc3 16. Bxc3 Qxa2 17. e5
Nd5 18. Rxd5 Qxd5 19. Bg2 Qa2 20. e6 Nf6 21. Rd1 O-O 22. e7 Rfe8 23. Qe5 Rac8
24. Rd3 Nh5 25. Bf3 f6 26. Qe4 Qf7 27. Rd7 b5 28. Rxa7 Kh8 29. Kb1 c5 30. Bd2
g6 31. Qe2 Ng7 32. fxg6 hxg6 33. Bg4 f5 34. Bf3 b4 35. Qf2 Nh5 36. Bxh5 gxh5
37. Qh4 Rc6 38. Rd7 Re6 39. b3 R6xe7 40. Rd3 Re2 41. Qg5 Rxd2 42. Qh6+ Qh7 43.
Qxh7+ Kxh7 44. Rxd2 Re1+ 45. Kc2 Rf1 46. Rd5 Rxf4 47. Rxc5 Kg6 48. Kd3 Kg5 49.
Rc2 Rh4 50. Rg2+ Rg4 51. Rf2 h4 52. Ke3 Rg1 53. Kf3 h3 54. Rd2 Rc1 55. Rd3 Rc3
56. Ke2 Rxd3 57. Kxd3 Kf4 58. Ke2 Ke4 59. Kf2 Kd4 60. Kg3 Ke3 0-1

[Event "Vaujany Principal"]
[Site "Vaujany"]
[Date "2012.07.13"]
[Round "2.19"]
[White "Gelas, Christophe"]
[Black "Haver, Daan"]
[Result "1-0"]
[ECO "D34"]
[WhiteElo "2143"]
[BlackElo "1961"]
[Annotator "Jean-pierre,LEES"]
[PlyCount "93"]
[SourceDate "2012.07.12"]
[TimeControl "240+2"]

{1024MB, Fritz8.ctg
} 1. d4 d5 2. c4 e6 3. Nc3 c5 4. cxd5 exd5 5. Nf3 Nc6 6. g3
Nf6 7. Bg2 Be7 8. O-O O-O 9. Bg5 c4 (9... cxd4 10. Nxd4 h6 11. Be3 Re8) 10. Ne5
Be6 11. e3 (11. Nxc6 bxc6 12. b3 Qa5 13. Na4 Rfd8 14. e3 c5) 11... h6 12. Bxf6
Bxf6 13. f4 Ne7 14. Qf3 b5 15. g4 Bxe5 16. dxe5 b4 17. Nb5 Qd7 18. Nd4 Bxg4 19.
Qg3 Bf5 20. Rad1 Rad8 21. Rf2 Kh8 22. Bf3 Rg8 23. h4 a6 24. Kh2 c3 25. bxc3
bxc3 26. Rg2 Be4 27. Bxe4 dxe4 28. Rc1 Rc8 29. h5 Rc7 30. Rgc2 Nf5 31. Nxf5
Qxf5 32. Qh3 Qxh3+ 33. Kxh3 Rd8 34. Rxc3 Rxc3 35. Rxc3 Rd3 36. Rb3 Rd2 37. Ra3
Rd3 38. Rxa6 Rxe3+ 39. Kg4 Re1 40. f5 e3 41. e6 e2 42. exf7 Rg1+ 43. Kf3 e1=Q
44. Ra8+ Kh7 45. f8=N+ Kg8 46. Ng6+ Kf7 47. Rf8# 1-0

[Event "Vaujany Principal"]
[Site "Villaz"]
[Date "2012.07.13"]
[Round "2.21"]
[White "N'Guyen, Emilien"]
[Black "Stets, Dmitry"]
[Result "1/2-1/2"]
[ECO "E92"]
[WhiteElo "2027"]
[BlackElo "2426"]
[Annotator "Jean-pierre,LEES"]
[PlyCount "64"]
[SourceDate "2012.07.12"]
[TimeControl "240+2"]

{1024MB, Fritz8.ctg
} 1. d4 Nf6 2. c4 g6 3. Nc3 Bg7 4. e4 O-O 5. Nf3 d6 6. Be2
e5 7. d5 a5 8. Bg5 h6 9. Bh4 Na6 10. Nd2 Qe8 11. O-O Nh7 12. a3 Bd7 13. b4 (13.
b3) 13... h5 14. f3 axb4 15. axb4 Nxb4 16. Qb3 Bh6 17. Qxb4 Bxd2 18. c5 Be3+
19. Bf2 Bxf2+ 20. Kxf2 Rxa1 21. Rxa1 Qb8 22. cxd6 cxd6 23. Rb1 b5 24. Bxb5 Qb6+
25. Kf1 Rc8 26. Bxd7 Qxb4 27. Rxb4 Rxc3 28. Rb6 Rc1+ 29. Ke2 Rc2+ 30. Kf1 Rc1+
31. Kf2 Rc2+ 32. Kf1 Rc1+ 1/2-1/2

[Event "Vaujany Principal"]
[Site "Vaujany"]
[Date "2012.07.13"]
[Round "2.22"]
[White "Valles, Manuel"]
[Black "Haver, Bas"]
[Result "1-0"]
[ECO "A61"]
[WhiteElo "2248"]
[BlackElo "2021"]
[Annotator "Jean-pierre,LEES"]
[PlyCount "79"]
[SourceDate "2012.07.12"]
[TimeControl "240+2"]

{1024MB, Fritz8.ctg
} 1. d4 Nf6 2. c4 c5 3. d5 e6 4. Nc3 exd5 5. cxd5 d6 6. Nf3
g6 7. Bf4 a6 8. a4 Bg7 9. h3 O-O 10. e3 Qe7 (10... Nh5 11. Bh2 (11. Bg5 f6 (
11... Qb6 12. Ra2 f5 13. Nd2 Qc7 14. Be2 Nf6 15. Nc4 Nbd7 16. Qb3 b6 17. g4
fxg4 18. hxg4) 12. Bh4 g5 13. Nd2 Qe8 14. Be2 gxh4 15. Bxh5) 11... f5 12. Be2
f4 13. exf4 Nxf4 14. O-O Nd7 15. Qd2 g5 16. Ne4 h6 17. Nxd6 Ne5 18. Bxf4 Rxf4
19. Nxc8 Nxf3+ 20. Bxf3 Rxc8) 11. Be2 Nbd7 12. O-O h6 13. Nd2 Ne5 14. Bg3 Nh7
15. f4 Nd7 16. e4 f5 (16... Re8) 17. exf5 gxf5 18. Nc4 Rb8 19. Kh1 Ndf6 20. Bd3
b5 21. axb5 axb5 22. Na5 Bd7 23. Re1 Qf7 24. Nc6 Bxc6 25. dxc6 Nh5 26. Bh2 c4
27. Be2 N5f6 28. Qxd6 b4 29. Qc5 Kh8 30. Bxc4 Qg6 31. c7 Rbc8 32. Nb5 Ne4 33.
Rxe4 fxe4 34. Nd6 Bxb2 35. Rb1 Qg7 36. Nxc8 Bd4 37. Qe7 Rxc8 38. Qxg7+ Kxg7 39.
f5 Bb6 40. Rxb4 {Si 41 Fxc7 alors 42 Tb7; Si 41...Txc7 42 Fxc7 Fxc7 43 Tb7} 1-0

[Event "Vaujany Principal"]
[Site "Vaujany"]
[Date "2012.07.13"]
[Round "2.23"]
[White "Michel, Stephan"]
[Black "Adam, Gyorgy Jr"]
[Result "0-1"]
[ECO "B22"]
[WhiteElo "1909"]
[BlackElo "2150"]
[Annotator "Jean-pierre,LEES"]
[PlyCount "54"]
[SourceDate "2012.07.12"]
[TimeControl "240+2"]

{1024MB, Fritz8.ctg
} 1. e4 c5 2. c3 e6 3. d4 cxd4 (3... d5 4. e5 Nc6 5. Nf3)
4. cxd4 Nf6 (4... d5 5. e5 Nc6 6. Nf3 Qb6 7. Nc3 Bd7 8. Be2 Nge7 9. O-O Nf5 10.
Na4 Qa5 11. Bd2 Bb4 12. Bxb4 Qxb4 13. a3 Qe7 14. Rc1 O-O) 5. e5 Nd5 6. Nf3 Nc6
7. Bc4 Nb6 8. Bb3 d5 9. exd6 Bxd6 10. a3 O-O 11. O-O h6 (11... e5 12. dxe5 Nxe5
13. Bf4 Nxf3+ 14. Qxf3 Bxf4 15. Qxf4 $11) 12. Re1 Nd5 13. Nc3 Nce7 14. Ne5 b6
15. Ne4 Bb7 16. Nxd6 Qxd6 17. Bxh6 $6 gxh6 18. Qg4+ Kh7 19. Bc2+ f5 20. Qh5 Nf4
21. Nf7 Nxh5 22. Nxd6 Bd5 23. Re5 Rad8 24. Nxf5 Nxf5 25. g4 Rg8 26. h3 Nf4 27.
Kh2 Ng6 0-1

[Event "Vaujany Principal"]
[Site "Vaujany"]
[Date "2012.07.13"]
[Round "2.26"]
[White "Mahiouz, Oualid"]
[Black "Gombos, Bettina"]
[Result "1/2-1/2"]
[ECO "B40"]
[WhiteElo "2036"]
[BlackElo "1966"]
[Annotator "Jean-pierre,LEES"]
[PlyCount "57"]
[SourceDate "2012.07.12"]
[TimeControl "240+2"]

{1024MB, Fritz8.ctg
} 1. e4 c5 2. Nf3 e6 3. d4 cxd4 4. Nxd4 Nf6 5. Bd3 Nc6 6.
Nxc6 dxc6 7. O-O e5 8. Qf3 Bd6 9. Nd2 Qe7 10. Nc4 Bc7 11. b3 b5 12. Ba3 b4 13.
Bb2 O-O 14. a3 c5 15. axb4 cxb4 16. Qe3 a5 17. Qg5 Re8 18. Ne3 h6 19. Qh4 Nd5
20. Nxd5 Qxh4 21. Nxc7 Bb7 22. Nxe8 Rxe8 23. Rfe1 Qd8 24. Re3 Qb6 25. Bc4 Ba6
26. Bd5 Bb7 27. Bc4 Ba6 28. Bd5 Bb7 29. Bc4 1/2-1/2

[Event "Vaujany Principal"]
[Site "Vaujany"]
[Date "2012.07.13"]
[Round "2.27"]
[White "Hourlier, Claire"]
[Black "Adam, Gyorgy Sr"]
[Result "1-0"]
[ECO "B23"]
[WhiteElo "1964"]
[BlackElo "2066"]
[Annotator "Jean-pierre,LEES"]
[PlyCount "61"]
[SourceDate "2012.07.12"]
[TimeControl "240+2"]

{1024MB, Fritz8.ctg
} 1. e4 c5 2. Nc3 Nc6 3. Bb5 g6 4. Bxc6 dxc6 5. d3 Bg7 6.
f4 c4 7. Nf3 cxd3 8. cxd3 Nf6 9. O-O Qb6+ 10. Kh1 Be6 11. Na4 Qa5 12. Ng5 Bc8
13. e5 Nd5 14. f5 h6 15. f6 exf6 16. Ne4 f5 17. Nd6+ Ke7 18. d4 b5 19. Nc5 Qc7
20. Qe1 Kf8 21. g4 Ne7 22. a4 Rb8 23. Bd2 Ra8 24. Ba5 Qb8 25. Bd8 Be6 26. Bxe7+
Kxe7 27. gxf5 gxf5 28. Rxf5 Bd5+ 29. Kg1 Rg8 30. Kf1 Bf8 31. Qh4+ 1-0

[Event "Vaujany Principal"]
[Site "Vaujany"]
[Date "2012.07.13"]
[Round "2.28"]
[White "Deleva, Mathias"]
[Black "Petrone, Gianmario"]
[Result "1/2-1/2"]
[ECO "B23"]
[WhiteElo "2061"]
[BlackElo "1930"]
[Annotator "Jean-pierre,LEES"]
[PlyCount "48"]
[SourceDate "2012.07.12"]
[TimeControl "240+2"]

{1024MB, Fritz8.ctg
} 1. e4 c5 2. Nc3 d6 3. f4 Nf6 4. Nf3 Nc6 5. Bb5 Bd7 6. O-O
g6 7. a4 Bg7 8. d3 O-O 9. h3 Nd4 10. Bxd7 Nxd7 11. Kh1 Rc8 12. Ne2 Nxf3 13.
Rxf3 e6 14. c3 d5 15. Be3 dxe4 16. dxe4 Nf6 17. Qc2 Qc7 18. Rd1 Rfd8 19. Rff1
Qc6 20. Ng3 h5 21. Rxd8+ Rxd8 22. e5 Nd5 23. Bc1 Nb6 24. b3 c4 1/2-1/2

[Event "Vaujany Principal"]
[Site "Vaujany"]
[Date "2012.07.13"]
[Round "2.29"]
[White "Devoille, Hugo"]
[Black "Soyer, Jean-Yves"]
[Result "0-1"]
[ECO "B52"]
[WhiteElo "1927"]
[BlackElo "2056"]
[Annotator "Jean-pierre,LEES"]
[PlyCount "102"]
[SourceDate "2012.07.12"]
[TimeControl "240+2"]

{1024MB, Fritz8.ctg
} 1. e4 c5 2. Nf3 d6 3. Bb5+ Bd7 4. Bxd7+ Qxd7 5. O-O Nf6
6. Qe2 Nc6 7. c3 e6 8. Rd1 Be7 9. d4 cxd4 10. Nxd4 a6 11. Bg5 Qc7 12. Nd2 O-O
13. Kh1 Rac8 14. N2b3 Ne5 15. f3 Nc4 16. Nc1 Rfd8 17. Nd3 Nh5 18. Bxe7 Qxe7 19.
g3 g6 20. Rac1 b5 21. b3 Nb6 22. Qe3 Qb7 23. Nb2 Nf6 24. g4 Ne8 25. Kg2 Ng7 26.
Rc2 e5 27. Ne2 Ne6 28. Nd3 Rd7 29. Nb4 a5 30. Nd5 Nxd5 31. exd5 (31. Rxd5)
31... Ng7 32. Ng3 f5 33. gxf5 gxf5 34. Qd3 Rf7 35. Rg1 Kh8 36. Kh1 Rcc7 37.
Rcg2 Rc8 38. h3 b4 39. c4 Qe7 40. Kh2 Qh4 41. Ne2 f4 42. Rg4 Qf6 43. Qb1 Nf5
44. Qc1 Rg7 45. Rxg7 Nxg7 46. a3 Nf5 47. axb4 axb4 48. Qd2 Nh4 49. Rf1 (49. Qd3
Qf7) 49... Rg8 50. Qd1 Qg5 51. Rf2 Nxf3+ 0-1

[Event "Vaujany Principal"]
[Site "Vaujany"]
[Date "2012.07.13"]
[Round "2.30"]
[White "Bach, Anatole"]
[Black "Abdesselem, Ahmed"]
[Result "1-0"]
[ECO "B86"]
[WhiteElo "2052"]
[BlackElo "1875"]
[Annotator "Jean-pierre,LEES"]
[PlyCount "41"]
[SourceDate "2012.07.12"]
[TimeControl "240+2"]

{1024MB, Fritz8.ctg
} 1. e4 c5 2. Nf3 d6 3. d4 cxd4 4. Nxd4 Nf6 5. Nc3 a6 6.
Bc4 e6 7. Bb3 Be7 8. Be3 O-O 9. Qe2 Qc7 10. O-O-O b5 11. g4 b4 12. g5 bxc3 13.
gxf6 cxb2+ 14. Kb1 Bxf6 15. Rhg1 Kh8 16. Qf3 Nd7 17. Rg3 Bb7 18. Rh3 Rfc8 19.
Nxe6 fxe6 20. Rxh7+ Kxh7 21. Qh5+ {21... Rg8 22 Fxe6+ Rf8 23 Df7 mat} 1-0

[Event "Vaujany Principal"]
[Site "Vaujany"]
[Date "2012.07.13"]
[Round "2.31"]
[White "Drillat, Michel"]
[Black "Brest, Jean-Francois"]
[Result "1/2-1/2"]
[ECO "D48"]
[WhiteElo "1910"]
[BlackElo "2044"]
[Annotator "Jean-pierre,LEES"]
[PlyCount "111"]
[SourceDate "2012.07.12"]
[TimeControl "240+2"]

{1024MB, Fritz8.ctg
} 1. d4 d5 2. Nf3 Nf6 3. c4 c6 4. e3 e6 (4... Bf5) (4... g6
) 5. Nc3 Nbd7 6. Bd3 dxc4 7. Bxc4 b5 8. Bd3 a6 9. O-O c5 (9... Bb7 10. e4 c5
11. d5) 10. Qe2 Bb7 11. Rd1 Qb6 12. Bc2 Be7 13. e4 cxd4 14. Nxd4 Ne5 (14... Rc8
15. Be3 Qc7) 15. Bg5 O-O 16. a4 b4 17. a5 Qc7 18. Nb1 Rfd8 19. Nb3 Rxd1+ 20.
Bxd1 Neg4 21. g3 Bxe4 22. N1d2 Bd5 23. Rc1 Qe5 24. Qxe5 Nxe5 25. Be2 Nc6 26.
Nc4 Nd7 27. Bxe7 Nxe7 28. Ncd2 Kf8 29. Rc7 Ke8 30. Nc5 Nb8 31. Na4 Kd8 32. Rc1
Nd7 33. Bf3 Rc8 34. Rxc8+ Kxc8 35. Bxd5 exd5 $19 36. Nb3 Nc6 37. f4 Kc7 38. Kf2
Kd6 39. Ke3 Nd8 (39... Nf6) 40. Nd4 g6 41. g4 Nc6 42. Nb3 d4+ 43. Kd3 Nf6 44.
g5 Nd5 45. Ke4 d3 46. Kxd3 Nxf4+ 47. Kc4 Nh3 48. Nac5 Nxg5 49. Nxa6 Nf3 50.
Nxb4 f5 51. Nxc6 Kxc6 52. Nd4+ Nxd4 53. Kxd4 f4 54. b4 g5 55. Ke4 Kb5 56. h4
1/2-1/2

[Event "Vaujany Principal"]
[Site "Vaujany"]
[Date "2012.07.13"]
[Round "2.33"]
[White "De Lagontrie"]
[Black "Vledouts, Sacha"]
[Result "0-1"]
[ECO "D35"]
[WhiteElo "1868"]
[BlackElo "2035"]
[Annotator "Jean-pierre,LEES"]
[PlyCount "120"]
[SourceDate "2012.07.12"]
[TimeControl "240+2"]

{1024MB, Fritz8.ctg
} 1. d4 Nf6 2. c4 e6 3. Nc3 d5 4. cxd5 Nxd5 5. e4 Nxc3 6.
bxc3 c5 7. Rb1 Be7 8. Nf3 O-O 9. Bd3 b6 10. O-O Bb7 11. Qe2 Re8 12. Be3 Qc8 13.
e5 Ba6 14. Rfd1 Bxd3 15. Qxd3 cxd4 16. cxd4 Na6 17. Rbc1 Qb7 18. Ng5 Bxg5 19.
Bxg5 Nb4 20. Qg3 Qe4 21. Qb3 Nd5 22. Qd3 Qxd3 23. Rxd3 Rec8 24. Rxc8+ Rxc8 25.
h3 Kf8 26. Bd2 Rc4 27. a3 Ke8 28. Kf1 Nc7 29. Bc3 Nb5 30. Bb2 Rc2 31. Rb3 Nc7
32. g3 b5 33. Bc3 Nd5 34. Bb4 a6 35. Bc5 Nc3 36. Bb4 Nd5 37. Bc5 Rc3 38. Rb2
Kd7 39. Ke2 Kc6 40. Bf8 a5 41. Kd2 f5 42. exf6 gxf6 43. h4 h5 44. Ke2 f5 45.
Kd2 f4 46. gxf4 Rc4 47. Bg7 Nxf4 48. Ke3 Ng6 49. Bf6 Rc3+ 50. Ke4 Rxa3 51. f3
b4 52. Rg2 Nf8 53. Rg5 Nd7 54. Bg7 a4 55. Kf4 Rd3 56. Rxh5 b3 57. Ra5 e5+ 58.
dxe5 b2 59. e6 b1=Q 60. Rg5 Nc5 0-1

[Event "Vaujany Principal"]
[Site "Villaz"]
[Date "2012.07.13"]
[Round "2.34"]
[White "Hoyer, Hans Gerd"]
[Black "Coppola, Federico"]
[Result "1/2-1/2"]
[ECO "A08"]
[WhiteElo "2032"]
[BlackElo "1844"]
[Annotator "Jean-pierre,LEES"]
[PlyCount "122"]
[SourceDate "2012.07.12"]
[TimeControl "240+2"]

{1024MB, Fritz8.ctg
} 1. d3 d5 2. Nf3 Nf6 3. g3 c5 4. Bg2 Nc6 5. Nbd2 e5 6. e4
d4 7. a4 Bd6 8. Nc4 O-O 9. O-O Bc7 10. Bg5 h6 11. Bd2 Be6 12. b3 a6 13. Qe2 b5
14. Nb2 Qd6 15. Nh4 Ba5 16. Bc1 Bc3 17. Nf5 Qd7 18. f4 Bxf5 19. exf5 exf4 20.
axb5 axb5 21. Rxa8 Rxa8 22. Qf3 Ra6 23. Nd1 fxg3 24. Qxg3 Kh7 25. Nf2 Ne7 26.
Ne4 Nxe4 27. Bxe4 f6 28. Kh1 Qe8 29. Rg1 Qf7 30. Bf4 Ra2 31. Qg2 Ra7 32. Bd6
Bb4 33. Bb8 Rd7 34. Ra1 Nd5 35. Qg6+ Kg8 36. Qg2 Rd8 37. Ra7 Ne3 38. Qg3 Rd7
39. Bc7 Re7 40. Ra8+ Re8 41. Rxe8+ Qxe8 42. Bf4 Kh7 43. Bxe3 dxe3 44. Qxe3 Qe5
45. Kg2 Ba5 46. Qh3 Qf4 47. Qg3 Qxg3+ 48. hxg3 Bc3 49. g4 Kg8 50. Bc6 b4 51.
Kf3 Kf8 52. Ke4 Ke7 53. Kd5 Bd4 54. Bb5 Bf2 55. Ba6 Bd4 56. Bb7 Bf2 57. Kc4 Bd4
58. Bf3 Kd6 59. Bd1 Be5 60. Kb5 Kd5 61. Bf3+ Kd6 1/2-1/2

[Event "Vaujany Principal"]
[Site "Vaujany"]
[Date "2012.07.14"]
[Round "3.18"]
[White "Roeberg, Frank"]
[Black "Bach, Anatole"]
[Result "1-0"]
[ECO "B80"]
[WhiteElo "2253"]
[BlackElo "2052"]
[Annotator "Jean-pierre,LEES"]
[PlyCount "93"]
[SourceDate "2012.07.12"]
[TimeControl "240+2"]

{1024MB, Fritz8.ctg
} 1. e4 c5 2. Nf3 e6 3. Nc3 Nc6 4. d4 cxd4 5. Nxd4 a6 6. g3
d6 7. Bg2 Bd7 8. O-O Nf6 9. a4 Be7 10. Be3 Qc7 11. Nb3 Na5 12. Nxa5 Qxa5 13. h3
Bc6 14. Qd2 Qc7 15. a5 Nd7 16. f4 O-O 17. Na4 Rae8 18. Nb6 f5 19. exf5 Rxf5 20.
c4 Bxg2 21. Qxg2 Nxb6 22. axb6 Qd7 (22... Qxc4 23. Qxb7) 23. b4 Rc8 24. g4 Rff8
25. b5 axb5 26. cxb5 d5 27. Ra7 Bc5 28. Qf3 Qxb5 29. Rxb7 Qc6 30. Bxc5 Qxb7 31.
Qe3 Rfe8 32. Ra1 Qc6 33. Bd4 Re7 34. Qe5 Rb7 35. Ra7 Re8 36. Kf2 Kf8 37. Kg3
Rxa7 38. bxa7 Qb7 39. g5 Qb3+ 40. Kg4 Qb7 41. h4 Ra8 42. h5 Rxa7 43. h6 Ra8 44.
g6 Qb1 45. Bc5+ Ke8 46. Qxe6+ Kd8 47. Bb6+ 1-0

[Event "Vaujany Principal"]
[Site "Vaujany"]
[Date "2012.07.14"]
[Round "3.19"]
[White "Dubois, Herve"]
[Black "Valles, Manuel"]
[Result "0-1"]
[ECO "A37"]
[WhiteElo "1854"]
[BlackElo "2248"]
[Annotator "Jean-pierre,LEES"]
[PlyCount "58"]
[SourceDate "2012.07.12"]
[TimeControl "240+2"]

{1024MB, Fritz8.ctg
} 1. c4 g6 2. Nf3 Bg7 3. g3 c5 4. Bg2 Nc6 5. Nc3 e5 6. d3
d6 7. Bd2 Nge7 8. Qc1 O-O 9. Bh6 Be6 10. Bxg7 Kxg7 11. h4 h6 12. h5 g5 13. Nxg5
hxg5 14. Qxg5+ Kh7 15. Ne4 Ng8 16. Qd2 f6 17. O-O-O Nh6 18. f4 Qe7 19. fxe5
dxe5 20. Rdf1 Rad8 21. Rh4 Nd4 22. Kb1 b6 23. b3 Ndf5 24. Rhh1 Rc8 25. Rf3 Ng4
26. Bh3 Nfh6 27. Kb2 f5 28. Nf2 e4 29. Rf4 e3 0-1

[Event "Vaujany Principal"]
[Site "Vaujany"]
[Date "2012.07.14"]
[Round "3.20"]
[White "Skinke, Katrina"]
[Black "Veys, Vincent"]
[Result "1-0"]
[ECO "C45"]
[WhiteElo "2238"]
[BlackElo "2041"]
[Annotator "Jean-pierre,LEES"]
[PlyCount "55"]
[SourceDate "2012.07.12"]
[TimeControl "240+2"]

{1024MB, Fritz8.ctg
} 1. e4 e5 2. Nf3 Nc6 3. d4 exd4 4. Nxd4 Bb4+ 5. c3 Bc5 6.
Be3 Bb6 7. Bc4 Nge7 8. Qh5 O-O 9. Nf3 Bxe3 10. fxe3 h6 11. O-O d6 12. Nbd2 Be6
13. Bxe6 fxe6 14. Qg4 e5 15. Nh4 Qc8 16. Rxf8+ Qxf8 17. Rf1 Qc8 18. Nf5 Nxf5
19. exf5 Qd7 20. Qg3 Kh8 21. f6 Qf7 22. Qh4 Rg8 23. Rf3 Qg6 24. Ne4 d5 25. Ng3
Kh7 26. Nh5 e4 27. Rg3 Qf7 28. fxg7 1-0

[Event "Vaujany Principal"]
[Site "Vaujany"]
[Date "2012.07.14"]
[Round "3.22"]
[White "Hodot, Yves"]
[Black "Viennot, Dylan"]
[Result "0-1"]
[ECO "C13"]
[WhiteElo "1915"]
[BlackElo "2149"]
[Annotator "Jean-pierre,LEES"]
[PlyCount "84"]
[SourceDate "2012.07.12"]
[TimeControl "240+2"]

{1024MB, Fritz8.ctg
} 1. e4 e6 2. d4 d5 3. Nc3 Nf6 4. Bg5 Be7 5. e5 Nfd7 6. h4
h6 7. Be3 c5 8. Qg4 g6 9. Bd3 Nc6 10. O-O-O cxd4 11. Bxd4 Ndxe5 12. Bxe5 Nxe5
13. Bb5+ Bd7 14. Qg3 Bd6 15. f4 Nc6 16. Nge2 a6 17. Bxc6 bxc6 18. Qe3 Qe7 19.
Na4 Rb8 20. h5 g5 21. fxg5 Qxg5 22. Qxg5 hxg5 23. c4 Rb4 24. b3 Ke7 25. c5 Be5
26. Nb2 Rh4 27. Nd3 Bc7 28. Rxh4 gxh4 29. Nef4 e5 30. Re1 Kf6 31. Ne2 Rxh5 32.
Nb4 a5 33. Na6 Bd8 34. Nb8 Be8 35. Nd4 Bc7 36. Ndxc6 Rg5 37. Re2 Rg4 38. a3 Ke6
39. Kc2 d4 40. Nxe5 Bxe5 41. c6 Rg3 42. Nd7 d3+ 0-1

[Event "Vaujany Principal"]
[Site "Vaujany"]
[Date "2012.07.14"]
[Round "3.25"]
[White "Gombos, Bettina"]
[Black "Ruecker, Benjamin"]
[Result "1/2-1/2"]
[ECO "B17"]
[WhiteElo "1966"]
[BlackElo "2260"]
[Annotator "Jean-pierre,LEES"]
[PlyCount "68"]
[SourceDate "2012.07.12"]
[TimeControl "240+2"]

{1024MB, Fritz8.ctg
} 1. e4 c6 2. d4 d5 3. Nc3 dxe4 4. Nxe4 Nd7 5. Ng5 Ngf6 6.
Bd3 (6. Bc4 e6 7. Qe2 Nb6 8. Bd3) 6... e6 7. N1f3 Bd6 8. Qe2 h6 9. Ne4 Nxe4 10.
Qxe4 Qc7 11. O-O (11. Qg4 Kf8 12. O-O c5) 11... b6 12. Qg4 Kf8 (12... g5) 13.
Re1 Bb7 (13... c5) 14. Bd2 Nf6 15. Qh3 c5 16. dxc5 bxc5 17. Bc3 Nd5 18. Be5
Bxe5 19. Nxe5 Nf4 20. Qg3 g5 21. Bf1 Rd8 22. Qc3 Ke7 23. Rad1 Rhg8 24. Ng4 Nd5
25. Rxd5 Rxd5 26. Qf6+ Ke8 27. Nxh6 Rf8 28. Nxf7 Rxf7 29. Bb5+ (29. Rxe6+ Kd7
30. Qxf7+ Kc8 31. Re7 Qb6 (31... Qb8 32. Qg8+ Rd8 33. Qe6+ Rd7 34. Qxd7#) 32.
Qg8+ Rd8 33. Qxg5 $18) 29... Kf8 30. Qh8+ Ke7 31. Qe8+ Kf6 32. Qh8+ Ke7 33.
Qe8+ Kf6 34. Qh8+ Ke7 1/2-1/2

[Event "Vaujany Principal"]
[Site "Vaujany"]
[Date "2012.07.14"]
[Round "3.26"]
[White "Haver, Daan"]
[Black "Mahiouz, Oualid"]
[Result "1/2-1/2"]
[ECO "B96"]
[WhiteElo "1964"]
[BlackElo "2096"]
[Annotator "Jean-pierre,LEES"]
[PlyCount "97"]
[SourceDate "2012.07.12"]
[TimeControl "240+2"]

{1024MB, Fritz8.ctg
} 1. e4 c5 2. Nf3 d6 3. d4 cxd4 4. Nxd4 Nf6 5. Nc3 a6 6.
Bg5 e6 7. f4 Nc6 8. Nxc6 bxc6 9. e5 h6 10. Bh4 g5 11. fxg5 Nd5 12. Qd2 (12. Ne4
Qb6 13. Bd3 hxg5 14. Bg3) 12... Bg7 13. Nxd5 cxd5 14. exd6 Bxb2 15. Rd1 Qxd6
16. Be2 hxg5 17. Bxg5 Rxh2 18. Rxh2 Qxh2 19. Qb4 Qg3+ 20. Kf1 Ba3 21. Qh4 Qxh4
22. Bxh4 Be7 23. Bg3 Bf6 24. c4 dxc4 25. Bf3 Ra7 26. Bf2 Rb7 (26... Re7 27. Bc5
Bb2 28. Bxe7 Kxe7 29. Ke2 e5 30. Rd5 Bd4 31. Ra5 c3 32. Be4) 27. Bxb7 Bxb7 28.
Bd4 Bxd4 29. Rxd4 Bd5 30. g3 c3 {premature} (30... Ke7 31. Ke2 Kd6 32. Kd2 f5
33. Rh4) 31. Ke2 Bxa2 32. Kd3 Bd5 33. Kxc3 Bf3 34. g4 Ke7 35. g5 Be2 36. Kb4
Kf8 37. Re4 Bb5 38. Kc5 Kg7 39. Rf4 Bd3 40. Kd4 Bf5 41. Rf1 Kg6 42. Rg1 Bc2 43.
Rg2 Bb3 44. Rg3 Bd5 45. Kc5 Be4 46. Kb6 Kf5 47. Kxa6 Kf4 48. Rg1 e5 49. Kb5
1/2-1/2